 Dungeon Crawl Stone Soup version 0.30.0-18-gc0e69614cb (webtiles) character file.

Game seed: 9381892806520387643

2067 javelincjr the Sneak (level 9, -3/57 HPs)
             Began as an Octopode Conjurer on May 24, 2023.
             Was a Follower of Sif Muna.
             Killed from afar by a white imp (12 damage)
             ... with a puff of frost
             ... on level 6 of the Dungeon.
             The game lasted 00:28:25 (7512 turns).

javelincjr the Sneak (Octopode Conjurer)            Turns: 7512, Time: 00:28:25

Health: -3/57      AC:  1    Str:  6    XL:     9   Next: 26%
Magic:  7/15       EV: 14    Int: 24    God:    Sif Muna [*.....]
Gold:   353        SH:  0    Dex: 11    Spells: 6/17 levels left

rFire   . . .        t - +5 whip (elec)
rCold   . . .        (no shield)
rNeg    . . .        (helmet restricted)
rPois   +            q - amulet of faith
rElec   .            b - ring of poison resistance
rCorr   +            k - ring of willpower
SInv    .            s - ring of resist corrosion
Will    +....        (no ring)
Stlth   ++++         (no ring)
HPRegen 0.29/turn    (no ring)
MPRegen 0.14/turn    (no ring)
                     (no ring)

%: faith
@: slowed, very slow
A: almost no armour, amphibious, 8 rings, camouflage 1, gelatinous body 1,
(nimble swimmer 1), tentacles
a: Renounce Religion, Channel Magic


You were on level 6 of the Dungeon.
You worshipped Sif Muna.
Sif Muna was aware of your devotion.
You visited 1 branch of the dungeon, and saw 6 of its levels.

You collected 353 gold pieces.

Inventory:

Hand Weapons
 c - a +1 whip of flaming
 t - a +5 whip of electrocution (weapon)
 u - a +1 short sword of venom
 v - a +2 short sword of electrocution
 w - a +6 heavy trident
 y - a +0 mace of holy wrath
 A - a +1 flail of distortion
 G - a +4 hand axe
Armour
 x - a +0 kite shield
Magical Staves
 z - a staff of fire
Jewellery
 b - a ring of poison resistance (left tentacle)
 k - a ring of willpower (right tentacle)
 q - an amulet of faith (around mantle)
 s - a ring of resist corrosion (on tentacle)
Wands
 m - a wand of flame (22)
 n - a wand of digging (6)
 C - a wand of polymorph (5)
Scrolls
 g - a scroll of enchant armour
 i - 2 scrolls of noise
 j - 2 scrolls of amnesia
Potions
 a - a potion of magic
 d - 10 potions of curing
 e - a potion of flight
 f - a potion of resistance
 h - a potion of might {unknown}
 l - a potion of heal wounds
 o - a potion of brilliance
 r - 2 potions of lignification
 E - a potion of mutation {unknown}
 F - a potion of attraction {unknown}


   Skills:
 + Level 3.5 Fighting
 + Level 3.6 Maces & Flails
 + Level 5.1 Dodging
 + Level 7.1 Stealth
 + Level 3.4 Shields
 + Level 4.6 Spellcasting
 + Level 6.1 Conjurations
 + Level 1.6 Fire Magic
 + Level 1.9 Invocations


You had 6 spell levels left.
You knew the following spells:

 Your Spells              Type           Power      Damage    Failure   Level
a - Magic Dart            Conj           100%       1d8       1%          1
b - Searing Ray           Conj           70%        2d7       1%          2
c - Fulminant Prism       Conj/Hex       10%        3d8       26%         4
d - Iskenderun's Mystic   Conj/Tloc      20%        2d6       26%         4

Your spell library contained the following spells:

 Spells                   Type           Power      Damage    Failure   Level
 Scorch                   Fire           26%        2d6       7%          2
 Dazzling Flash           Conj/Hex       40%        N/A       8%          3
 Beastly Appendage        Tmut           10%        N/A       10%         1
 Cigotuvi's Dreadful Rot  Necr/Pois/Air  10%        N/A       14%         2
 Wereblood                Tmut           5%         N/A       14%         2
 Flame Wave               Conj/Fire      24%        2d8       19%         4
 Ignite Poison            Fire/Tmut/Pois 8%         N/A       22%         3
 Portal Projectile        Hex/Tloc       10%        N/A       28%         3
 Spider Form              Tmut/Pois      5%         N/A       28%         3
 Tukima's Dance           Hex            5%         N/A       28%         3
 Freezing Cloud           Conj/Ice/Air   7%         6-21      73%         5
 Blade Hands              Tmut           2%         N/A       95%         5
 Summon Cactus Giant      Summ           2%         N/A       100%        6


Dungeon Overview and Level Annotations

Branches:
Dungeon (6/15)
 Temple: D:4-7

Altars:
Dithmenos
Qazlal
Sif Muna
Trog
Vehumet
Yredelemnul

Annotations:
D:1 1 transporter


Innate Abilities, Weirdness & Mutations

You cannot wear most types of armour.
You are amphibious.
You can wear up to eight rings at the same time.
Your skin changes colour to match your surroundings (Stealth+).
Your rubbery body absorbs attacks. (AC +1, EV +1)
((You are camouflaged when in or above water. (Stealth+)))
You have tentacles for arms and can constrict up to eight enemies at once.


Message History

The white imp laughs crazily.
The white imp completely misses you. The centaur barely misses you.
The centaur kicks you.
* * * LOW HITPOINT WARNING * * *
Okay, then.
You feel much better. The centaur closely misses you. The centaur kicks you.
The howler monkey closely misses you. The white imp closely misses you.
The centaur misses you. The centaur kicks you. The white imp gestures at you.
The puff of frost hits you!
The howler monkey hoots and howls with incredible vigour!
You hear a shout!
Casting: Fulminant Prism (quite dangerous; 26% risk of failure)
Confirm with . or Enter, or press ? or * to list all spells.
You don't know that spell.
You hit the centaur.
The centaur is almost dead.
The centaur completely misses you. The centaur kicks you.
The howler monkey hits you. The white imp closely misses you.
The centaur hits you. The centaur closely misses you.
Your magical contamination has completely faded away.
You barely miss the centaur. You squeeze the centaur.
The centaur is almost dead.
The howler monkey closely misses you. The centaur barely misses you.
The centaur kicks you. The white imp completely misses you.
The howler monkey hits you.
* * * LOW HITPOINT WARNING * * *
The centaur barely misses you. The centaur closely misses you.
You whack the centaur!
You kill the centaur!
Sif Muna accepts your kill.
A sky beast appears from thin air!
Reactivating autopickup.
The white imp gestures at you. The puff of frost hits you!
* * * LOW HITPOINT WARNING * * *
The howler monkey hoots and howls with incredible vigour!
The white imp gestures at you. The puff of frost hits you!
You die...

...... .... ......... ....
......... ... ........######..#
## ...........c....##...
#..........#.........##
#............###........
#...........###...........
#...........)@hY#.#.#####...##
###...........5####.#.# #......
#................##...####.##..#
#...........####.........# ##
#..<..#.##### #####..##.#
#.......# #..## # #......#####
#...# ..
#.....>....##########..# ...
#.....####.........##..## #..


You could see a sky beast, a howler monkey (catching breath) and a white imp.

Vanquished Creatures
  Pikel (D:5)
  Grinder (D:6)
  A water moccasin (D:5)
  A black bear (D:5)
  A centaur (D:6)
  2 ogres
  A phantom (D:4)
  Blork the orc (D:5)
  A gnoll sergeant (D:3)
  A jelly (D:5)
  3 scorpions (D:4)
  3 hounds
  2 orc priests (D:4)
  2 sleepcaps
  A gnoll bouda (D:5)
  4 iguanas
  Terence (D:2)
  An orc wizard (D:4)
  5 adders
  14 gnolls
  A white imp (D:5)
  2 ufetubi (D:5)
  2 worms
  A dart slug (D:1)
  8 orcs
  6 endoplasms
  5 giant cockroaches
  5 goblins
  6 hobgoblins
  4 jackals (D:1)
  6 kobolds
  5 quokkas
  7 ball pythons
  3 bats
  3 frilled lizards
  5 rats
116 creatures vanquished.

Vanquished Creatures (others)
  A fulminant prism (D:6)
1 creature vanquished.

Grand Total: 117 creatures vanquished

Notes
Turn   | Place    | Note
-------+----------+-------------------------------------------
     0 | D:1      | javelincjr the Octopode Conjurer began the quest for the
                  | Orb.
     0 | D:1      | Reached XP level 1. HP: 11/11 MP: 3/3
   234 | D:1      | Reached skill level 3 in Stealth
   234 | D:1      | Reached XP level 2. HP: 17/17 MP: 3/5
   468 | D:1      | Found a faded altar of an unknown god.
   745 | D:1      | Reached XP level 3. HP: 17/21 MP: 6/6
  1188 | D:1      | Learned a level 2 spell: Searing Ray
  1291 | D:2      | You fall into a shaft and drop 1 floor!
  1446 | D:2      | Found a shadowy altar of Dithmenos.
  1554 | D:2      | Reached XP level 4. HP: 27/27 MP: 5/7
  1679 | D:2      | Noticed an ogre
  1731 | D:2      | Killed an ogre
  1732 | D:2      | Reached skill level 4 in Stealth
  1732 | D:2      | Reached XP level 5. HP: 16/31 MP: 0/9
  2155 | D:2      | Noticed Terence
  2160 | D:2      | Killed Terence
  2859 | D:3      | Reached XP level 6. HP: 24/37 MP: 2/10
  3038 | D:3      | Reached skill level 5 in Stealth
  3164 | D:3      | Found a basalt altar of Yredelemnul.
  3381 | D:3      | Reached skill level 1 in Maces & Flails
  3413 | D:4      | Found a shimmering blue altar of Sif Muna.
  3417 | D:4      | Became a worshipper of Sif Muna the Loreminder
  3527 | D:4      | Found a stormy altar of Qazlal.
  3533 | D:4      | Identified the +4 chain mail "Myhabbar" {SInv}
  3645 | D:4      | Found a radiant altar of Vehumet.
  3685 | D:4      | Reached skill level 1 in Fighting
  3785 | D:4      | Reached skill level 5 in Conjurations
  4054 | D:4      | Reached skill level 1 in Shields
  4054 | D:4      | Reached XP level 7. HP: 28/43 MP: 4/12
  4851 | D:5      | Entered Level 5 of the Dungeon
  4978 | D:5      | Reached XP level 8. HP: 46/50 MP: 0/13
  5203 | D:5      | Reached skill level 6 in Stealth
  5250 | D:5      | Reached * piety under Sif Muna
  6605 | D:5      | Found a bloodstained altar of Trog.
  6633 | D:6      | Noticed Blork the orc
  6642 | D:5      | Killed Blork the orc
  6934 | D:6      | Noticed Pikel
  7056 | D:5      | Killed Pikel
  7057 | D:5      | Reached skill level 5 in Dodging
  7057 | D:5      | Reached skill level 7 in Stealth
  7057 | D:5      | Reached skill level 1 in Fire Magic
  7057 | D:5      | Reached skill level 1 in Invocations
  7057 | D:5      | Reached XP level 9. HP: 33/57 MP: 2/15
  7333 | D:6      | Noticed Grinder
  7342 | D:6      | Killed Grinder
  7477 | D:6      | Learned a level 4 spell: Fulminant Prism
  7482 | D:6      | Learned a level 4 spell: Iskenderun's Mystic Blast
  7512 | D:6      | Killed from afar by a white imp

Illustrated notes

Levels and vault maps discovered:
D:1:      spicycebolla_arrival_risky_transporter, layout_basic,
          shapermc_ecumenical_altar_starsandcircs, minmay_splitting_lines
D:2:      layout_loops_ring, basic_altar, fountainhead, uniq_terence
D:3:      minmay_skewed_foursquare, layout_rooms, mainiacjoe_overflow_24_doors,
          eino_tiny_chamber
D:4:      layout_loops_corners, mainiacjoe_overflow_tiny_flanked,
          mainiacjoe_overflow_catch_the_wave, feat_on_display
D:5:      layout_gridville, mainiacjoe_overflow_alcove_4,
          corexii_item_surrounded_by_moat
D:6:      layout_rooms, uniq_pikel, uniq_grinder, uniq_blork_the_orc

Skill      XL: |  1  2  3  4  5  6  7  8 |
---------------+-------------------------+-----
Stealth        | 3 4 5 7 |  7.1
Dodging        | 3 4 5 |  5.1
Spellcasting   | 3 4 |  4.6
Maces & Flails | 1 2 3 |  3.6
Fighting       | 1 2 3 |  3.5
Conjurations   | 5 6 |  6.1
Shields        | 1 2 3 |  3.4
Fire Magic     | 1 |  1.6
Invocations    | 1 |  1.9

Action                     |  1- 3 |  4- 6 |  7- 9 || total
---------------------------+-------+-------+-------++-------
  Melee: Unarmed           |    49 |    11 |       ||    60
         Constrict         |    12 |     4 |     5 ||    21
         Tentacles         |    10 |     1 |     6 ||    17
         Whip              |       |     8 |    23 ||    31
   Cast: Magic Dart        |    44 |    49 |    56 ||   149
         Searing Ray       |     1 |    15 |    32 ||    48
         Fulminant Prism   |       |       |     1 ||     1
    Use: Scroll            |       |       |    17 ||    17
         Potion            |       |       |     3 ||     3
   Stab: Sleeping          |     4 |     3 |       ||     7
 Armour: Skin              |     8 |     1 |     1 ||    10
  Dodge: Dodged            |    46 |    20 |    64 ||   130
